 Dungeon Crawl Stone Soup version 0.19.4-9-g45fd643 (webtiles) character file.

86 empire the Ducker (level 4, -5/35 HPs)
             Began as a Human Monk on Feb 22, 2017.
             Was a Believer of Sif Muna.
             Slain by an orc
             ... wielding a +2 hand axe of electrocution
              (15 damage)
             ... on level 3 of the Dungeon.
             The game lasted 00:03:17 (1893 turns).

empire the Ducker (Human Monk)                      Turns: 1893, Time: 00:03:18

Health: -5/35      AC:  5    Str: 12    XL:     4   Next: 77%
Magic:  4/4        EV: 12    Int: 11    God:    Sif Muna [**....]
Gold:   67         SH:  0    Dex: 15    Spells: 0 memorised, 3 levels left

rFire  . . .     SeeInvis .     a - +0 falchion
rCold  . . .     Gourm    .     h - +0 ring mail
rNeg   . . .     Faith    .     (no shield)
rPois  .         Spirit   .     (no helmet)
rElec  .         Reflect  .     (no cloak)
rCorr  +         Harm     .     (no gloves)
MR     .....                    (no boots)
Stlth  +.........               (no amulet)
                                (no ring)
                                l - ring of resist corrosion

@: no status effects
A: no striking features
a: Divine Energy, Renounce Religion


You were on level 3 of the Dungeon.
You worshipped Sif Muna.
Sif Muna was pleased with you.
You were not hungry.

You visited 1 branch of the dungeon, and saw 3 of its levels.

You collected 67 gold pieces.

Inventory:

Hand Weapons
 a - a +0 falchion (weapon)
 b - a cursed -2 spear
 j - a +2 dagger of venom
Armour
 h - a +0 ring mail (worn)
Jewellery
 l - a ring of resist corrosion (left hand)
Scrolls
 d - 2 scrolls of blinking {unknown}
 e - 9 scrolls of remove curse {unknown}
 f - 2 scrolls of amnesia {unknown}
 i - a scroll of noise {unknown}
 k - a scroll of magic mapping {unknown}
 o - 5 scrolls of identify {unknown}
 p - a scroll of fear {unknown}
 q - a scroll of recharging {unknown}
 s - a scroll of enchant weapon {unknown}
Potions
 g - a potion of agility {unknown}
 n - a potion of heal wounds {unknown}
 t - 2 potions of curing {unknown}
Comestibles
 c - 3 bread rations
 m - a beef jerky
 r - 2 chunks of flesh


   Skills:
 - Level 3.0 Fighting
 + Level 4.1 Long Blades
 + Level 4.2 Dodging
 - Level 2.0 Stealth
 + Level 0.3 Spellcasting


You had 3 spell levels left.
You didn't know any spells.

Dungeon Overview and Level Annotations

Branches:
Dungeon (3/15)

Altars:
Ashenzari
Cheibriados
Gozag
Hepliaklqana
Makhleb
Sif Muna
The Shining One


Message History

The orc is almost dead.
The orc closely misses you.
You hit the orc.
You kill the orc!
Sif Muna accepts your kill.
The orc shouts!
An orc comes into view.
Things that are here:
a club; a leather armour; an orc corpse The orc shouts!
The orc shouts!
You hit the orc but do no damage. The orc barely misses you.
You riposte.
You hit the orc.
The orc is lightly wounded.
You hit the orc but do no damage.
The orc is lightly wounded.
The orc hits you with a hand axe of electrocution.
* * * LOW HITPOINT WARNING * * *
You are electrocuted!
You die...

....#######>............
............#.###.####..
............#.# #.# #..
............#.# #.####..
.......o...##.###.......
...........##...........
.......o...##...........
#..o)...............
#.#@....#..........#
##+#.....#...........
#..).....######......
#....#...(# #......
#....#....# #......
#....#....# #...†..
#....#....# ###'###
#....+ ....######'###
#....# ...##........


You could see 3 orcs.

Vanquished Creatures
  Natasha (D:2)
  An adder (D:2)
  An ooze (D:2)
  A worm (D:3)
  A dart slug (D:2)
  A leopard gecko (D:2)
  2 orcs (D:3)
  3 giant cockroaches
  3 goblins
  3 hobgoblins
  3 kobolds
  A quokka (D:2)
  11 bats
  4 frilled lizards
  7 rats
43 creatures vanquished.

Notes
Turn   | Place    | Note
-------+----------+-------------------------------------------
     0 | D:1      | empire the Human Monk began the quest for the Orb.
     0 | D:1      | Reached XP level 1. HP: 18/18 MP: 1/1
   104 | D:1      | Reached XP level 2. HP: 21/24 MP: 2/2
   549 | D:2      | Reached XP level 3. HP: 26/29 MP: 3/3
   947 | D:2      | Noticed Natasha
   958 | D:2      | Killed Natasha
   958 | D:2      | Reached XP level 4. HP: 18/35 MP: 4/4
  1285 | D:2      | Found a burning altar of Makhleb.
  1290 | D:2      | Found a shattered altar of Ashenzari.
  1291 | D:2      | Found a deep blue altar of Sif Muna.
  1291 | D:2      | Found an opulent altar of Gozag.
  1291 | D:2      | Found a snail-covered altar of Cheibriados.
  1295 | D:2      | Found a glowing golden altar of the Shining One.
  1298 | D:2      | Found a hazy altar of Hepliaklqana.
  1311 | D:2      | Became a worshipper of Sif Muna the Loreminder
  1311 | D:2      | Reached * piety under Sif Muna
  1311 | D:2      | Reached ** piety under Sif Muna
  1893 | D:3      | Slain by an orc

Skill      XL: |  1  2  3  4 |
---------------+-------------+-----
Long Blades    | 4 |  4.1
Dodging        | 4 |  4.2
Fighting       | |  3.0
Stealth        | |  2.0
Spellcasting   | |  0.3

Action                   |  1- 3 |  4- 6 || total
-------------------------+-------+-------++-------
Melee: Falchion          |    63 |    62 ||   125
  Use: Potion            |     1 |       ||     1
 Stab: Sleeping          |     2 |     2 ||     4
  Eat: Chunk             |       |     3 ||     3
Armor: Robe              |     4 |       ||     4
       Ring mail         |    19 |    17 ||    36
Dodge: Dodged            |    47 |    39 ||    86
       Rpst.: Falchion   |    19 |    11 ||    30
